 Dungeon Crawl Stone Soup version 0.30-a0-457-g4b7bca3bfa (webtiles) character file.

Game seed: 3067906359252697341

14 MisterAzrael the Caller (level 2, -1/15 HPs)
             Began as a Deep Elf Summoner on Dec 12, 2022.
             Slain by a quokka (2 damage)
             ... on level 1 of the Dungeon.
             The game lasted 00:01:33 (537 turns).

MisterAzrael the Caller (Deep Elf Summoner)          Turns: 537, Time: 00:01:34

Health: -1/15      AC:  2    Str:  5    XL:     2   Next: 31%
Magic:  3/8        EV: 13    Int: 19    God:
Gold:   16         SH:  0    Dex: 15    Spells: 6/7 levels left

rFire   . . .      SeeInvis .    (no weapon)
rCold   . . .      Faith    .    (no shield)
rNeg    . . .      Spirit   .    a - +0 robe
rPois   .          Reflect  .    (no helmet)
rElec   .          Harm     .    (no cloak)
rCorr   .          Rampage  .    (no gloves)
Will    .....                    (no boots)
Stlth   ++........               (no amulet)
HPRegen 0.22/turn                (no ring)
MPRegen 0.11/turn                (no ring)

@: flying
A: no striking features
a: no special abilities


You were on level 1 of the Dungeon.
You visited 1 branch of the dungeon, and saw 1 of its levels.

You collected 16 gold pieces.

Inventory:

Armour
 a - a +0 robe (worn)
Scrolls
 d - 3 scrolls of identify {unknown}
 e - a scroll of poison {unknown}
Potions
 b - a potion of magic
 c - a potion of curing {unknown}
 h - a potion of attraction {unknown}


   Skills:
 + Level 2.7 Dodging
 + Level 2.9 Stealth
 + Level 3.3 Spellcasting
 + Level 4.5 Summonings


You had 6 spell levels left.
You knew the following spells:

 Your Spells              Type           Power      Damage    Failure   Level
a - Summon Small Mammal   Summ           80%        N/A       2%          1

Your spell library contained the following spells:

 Spells                   Type           Power      Damage    Failure   Level
 Call Imp                 Summ           20%        N/A       3%          2
 Call Canine Familiar     Summ           20%        N/A       7%          3
 Freeze                   Ice            12%        1d3       16%         1
 Summon Guardian Golem    Hex/Summ       11%        N/A       17%         3
 Frozen Ramparts          Ice            6%         1d1       41%         3
 Hailstorm                Conj/Ice       3%         3d3       41%         3
 Summon Lightning Spire   Summ/Air       11%        N/A       50%         4


Dungeon Overview and Level Annotations

Branches:
Dungeon (1/15)

Altars:

Shops:
D:1 *


Message History

The quokka closely misses you. The ball python bites you.
The ball python constricts you.
Your rat bites the quokka but does no damage.
Your bat disappears in a puff of smoke!
The quokka bites you but does no damage.
The ball python barely misses you. The ball python constricts you.
Your rat bites the quokka.
Your quokka disappears in a puff of smoke!
The quokka bites you.
The ball python bites you but does no damage.
The ball python constricts you.
Your rat barely misses the quokka.
The quokka bites you.
You escape the ball python's grasp.
The ball python attacks as you move away!
The ball python barely misses you.
Your rat misses the quokka. The ball python completely misses you.
The ball python closely misses you.
Your rat bites the ball python.
You are too injured to fight recklessly!
The ball python attacks as you move away!
The ball python barely misses you. The quokka barely misses you.
Your rat barely misses the quokka.
The quokka attacks as you move away! The quokka misses you.
The ball python attacks as you move away!
The ball python bites you. The ball python completely misses you.
Your rat bites the quokka.
The ball python attacks as you move away!
The ball python misses you. The ball python completely misses you.
The ball python bites you.
* * * LOW HITPOINT WARNING * * *
The ball python grabs you. The ball python constricts you.
Casting: Summon Small Mammal (safe; 2% risk of failure)
Press: ? - help, Q - select action Dir - look around, f - activate Your rat disappears in a puff of smoke!
The ball python bites you.
* * * LOW HITPOINT WARNING * * *
The ball python constricts you. The quokka barely misses you.
Your rat closely misses the quokka.
You escape the ball python's grasp.
The quokka attacks as you move away! The quokka bites you.
You die...

..^.$...# #.## #.# ........#
#.# #.# ........## ##.# #.#
.........# ###..# #.#
.........# #..[## #####.#####
...?.....###.### #..........
.........##..# ###.####.♣###
..>.......#r#####...# #♣.##
........#§rS@..#...♣♣♣♣♣.#÷##
.......####r##.#.##♣.........
#.....# ###.##...# ♣.........
###### #........# #..#######
#.######.#♣#..#.....# ..
#.♣~...#.....# #.
#.♣.#..#.....# ..
##.##...#...<.#
###..###..#....P#


You could see a quokka (ally target), a ball python (ally target), a friendly
quokka (summoned) and a friendly rat (summoned).

Vanquished Creatures (collateral kills)
  2 endoplasms (D:1)
  A giant cockroach (D:1)
  A goblin (D:1)
  A hobgoblin (D:1)
  3 ball pythons (D:1)
  4 bats (D:1)
  A frilled lizard (D:1)
13 creatures vanquished.

Notes
Turn   | Place    | Note
-------+----------+-------------------------------------------
     0 | D:1      | MisterAzrael the Deep Elf Summoner began the quest for the
                  | Orb.
     0 | D:1      | Reached XP level 1. HP: 10/10 MP: 6/6
   174 | D:1      | Found Tolitiri's Assorted Antiques.
   208 | D:1      | Reached XP level 2. HP: 2/15 MP: 5/8
   537 | D:1      | Slain by a quokka

Illustrated notes

Levels and vault maps discovered:
D:1:      saegor_arrival_under_anarchy, layout_rooms, serial_shops,
          nicolae_lakefront_shop

Action                   || total
-------------------------++-------
Melee: Unarmed           ||     5
 Cast: Summon Small Mamm ||    28
  Use: Potion            ||     2
Armor: Robe              ||    19
Dodge: Dodged            ||    63

Table legend: (Time is in decaauts)
 A = Elapsed time spent in this place.
 B = Non-inter-level travel time spent in this place.
 C = Inter-level travel time spent in this place.
 D = Time resting spent in this place.
 E = Time spent auto-exploring this place.
 F = Levels seen in this place.
 G = Mean time per level.
                   A        B        C        D        E       F      G
               +--------+--------+--------+--------+--------+-----+--------+
         Total |    537 |    537 |      0 |     54 |    257 |   1 |  537.0 |
       Dungeon |    537 |    537 |      0 |     54 |    257 |   1 |  537.0 |
               +--------+--------+--------+--------+--------+-----+--------+

Top non-repeatable levels by time:
     D:1: 537 daAuts
